AoeStats
← zack

Arena

514579874Analyzed
4v4 RM · 29d ago on Oct 18, 2026· 36m 19s· 8 players
Game mode
Random Map
Map size
Large (8 player)
Population
200
Speed
Normal
Resources
Standard
Victory
Conquest
Starting age
Dark Age
Ending age
Imperial Age
RankedLock teamsTeams togetherTeam positionsShared explorationLock speedFull tech treeHidden civsTurbo modeCheats
Victory
Defeat
🇨🇳 Malians · China
1276
+11
🇨🇳 Shu · China
1206
+14
🇨🇳 Bengalis · China
1176
+16
🇨🇳 Franks · China
1081
+20
vs
🇨🇳 Wei · China
1219
-17
🇨🇾 Turks · Cyprus
1154
-15
🇹🇼 Japanese · Taiwan
1152
-15
🇨🇳 Khmer · China
1140
-14
三倍做空腾讯
0:37 Loom
10:36 Feudal Age
14:55 Castle Age
13:18 Double-Bit Axe
13:38 Horse Collar
16:07 Bow Saw
16:13 Heavy Plow
19:23 Stone Mining
19:58 Gold Mining
21:28 Wheelbarrow
23:06 Gold Shaft Mining
23:20 Hand Cart
24:54 Bloodlines
25:19 Scale Barding Armor
25:51 Husbandry
26:47 Chain Barding Armor
26:38 Forging
31:04 Imperial Age
30:42 Iron Casting
29:57 Town Watch
32:43 Crop Rotation
32:54 Plate Barding Armor
33:19 Blast Furnace
33:22 Two-Man Saw
33:08 Conscription
32:56 Paiks
32:18 Elite Battle Elephant
Wen俊
10:58 Feudal Age
15:16 Castle Age
13:12 Double-Bit Axe
20:31 Bow Saw
28:25 Imperial Age
25:45 Loom
28:46 Forging
28:42 Scale Barding Armor
28:47 Cavalier
29:33 Husbandry
30:13 Iron Casting
29:52 Gold Mining
30:39 Treadmill Crane
31:38 Gold Shaft Mining
30:54 Stone Mining
31:15 Paladin
32:19 Chain Barding Armor
33:15 Blast Furnace
35:41 Plate Barding Armor
COIL
2:29 Loom
10:30 Feudal Age
10:48 Man-at-Arms
11:40 Double-Bit Axe
13:02 Wheelbarrow
13:40 Fletching
21:39 Castle Age
20:29 Horse Collar
23:11 Bodkin Arrow
23:17 Padded Archer Armor
27:28 Bow Saw
27:49 Crossbowman
30:42 Thumb Ring
30:53 Gold Mining
32:10 Stone Mining
32:27 Heavy Plow
36:07 Gold Shaft Mining
XHK
11:14 Feudal Age
14:55 Castle Age
13:24 Double-Bit Axe
13:47 Horse Collar
15:31 Forging
22:06 Iron Casting
21:38 Loom
22:59 Gold Mining
28:22 Sanctity
29:25 Fervor
31:17 Wheelbarrow
31:22 Gold Shaft Mining
30:38 Stone Mining
36:03 Imperial Age
33:50 Hand Cart
33:20 Town Watch
36:59 Scale Barding Armor
37:17 Conscription
JonnyD
10:39 Feudal Age
13:22 Fletching
23:19 Man-at-Arms
24:02 Scale Mail Armor
24:15 Forging
26:55 Castle Age
25:59 Scale Mail Armor
26:58 Stone Mining
Longlonglong
12:11 Feudal Age
16:01 Castle Age
14:13 Double-Bit Axe
16:08 Horse Collar
24:37 Stone Mining
25:08 Gold Mining
28:13 Bow Saw
29:10 Stone Shaft Mining
28:51 Scale Barding Armor
28:56 Forging
31:26 Gold Shaft Mining
33:41 Imperial Age
31:48 Wheelbarrow
31:36 Chain Barding Armor
31:51 Iron Casting
31:29 Husbandry
31:50 Light Cavalry
32:40 Bloodlines
34:13 Hussar
35:34 Conscription
zack
11:14 Feudal Age
14:16 Double-Bit Axe
14:14 Horse Collar
16:52 Castle Age
18:59 Bow Saw
19:51 Scale Barding Armor
21:03 Forging
24:12 Heavy Plow
27:06 Bloodlines
29:00 Wheelbarrow
30:22 Stone Mining
30:25 Gold Mining
30:41 Husbandry
31:19 Iron Casting
32:30 Chain Barding Armor
31:52 Treadmill Crane
33:11 Gold Shaft Mining
33:07 Fletching
33:18 Padded Archer Armor
37:20 Imperial Age
35:54 Hand Cart
crazyeyee
10:32 Feudal Age
14:23 Castle Age
12:39 Double-Bit Axe
13:28 Horse Collar
15:46 Bow Saw
15:59 Heavy Plow
22:09 Wheelbarrow
24:42 Loom
30:50 Imperial Age
29:23 Hand Cart
29:24 Fletching
29:59 Ballistics
30:07 Gold Mining
30:52 Guard Tower
31:13 Bodkin Arrow
32:52 Chemistry
31:58 Bracer
32:50 Town Watch
Connection lost

Rejoining the realm…

Still unreachable

The connection could not be restored.

Session expired

The server has moved on; the page needs a fresh start.